 Dungeon Crawl Stone Soup version 0.20.0-1-g1cb1d84 (webtiles) character file.

1827 welfe the Fiendish (level 8, -14/66 HPs)
             Began as a Deep Dwarf Hunter on May 27, 2017.
             Was a Priest of Makhleb.
             Demolished by an orc warrior
             ... wielding a +0 halberd
              (24 damage)
             ... on level 6 of the Dungeon.
             The game lasted 00:18:35 (4862 turns).

welfe the Fiendish (Deep Dwarf Hunter)              Turns: 4862, Time: 00:18:35

Health: -14/66     AC: 10    Str: 23    XL:     8   Next: 86%
Magic:  14/14      EV:  8    Int: 12    God:    Makhleb [***...]
Gold:   324        SH:  0    Dex: 10    Spells: 7/7 levels left

rFire    . . .     SeeInvis .   b - +4 flail "Wanwam" {crush, rC+ Str+5 Dex-3 Stlth+}
rCold    + . .     Gourm    .   (no shield)
rNeg     . . .     Faith    .   s - +0 chain mail
rPois    .         Spirit   .   (no helmet)
rElec    .         Reflect  .   q - scarf {repulsion}
rCorr    .         Harm     +   H - +1 pair of gloves
MR       +....                  (no boots)
Stlth    ..........             j - amulet of harm
Regen    0.0/turn               (no ring)
MPRegen  0.2/turn               (no ring)

@: non-regenerating, repel missiles
A: damage resistance, heal wounds, sense surroundings 1, no regeneration
a: Heal Wounds, Minor Destruction, Lesser Servant of Makhleb, Renounce Religion


You were on level 6 of the Dungeon.
You worshipped Makhleb.
Makhleb was most pleased with you.
You were not hungry.

You visited 1 branch of the dungeon, and saw 6 of its levels.

You collected 324 gold pieces.

Inventory:

Hand Weapons
 a - a +1 hand crossbow
 b - the +4 flail "Wanwam" (weapon) {crush, rC+ Str+5 Dex-3 Stlth+}
   (You found it on level 4 of the Dungeon)

   It inflicts extra damage upon your enemies.
   It affects your strength (+5).
   It affects your dexterity (-3).
   It protects you from cold.
   It makes you more stealthy.
Missiles
 c - 167 stones (quivered)
 p - 13 poisoned needles
 r - a throwing net {=f}
 t - 3 needles of confusion
 z - 4 tomahawks
 Q - 55 bolts
Armour
 q - a scarf of repulsion (worn)
 s - a +0 chain mail (worn)
 H - a +1 pair of gloves (worn)
Jewellery
 j - an amulet of harm (around neck)
Wands
 F - a wand of confusion (23/48)
Scrolls
 g - 2 scrolls of fear {unknown}
 i - a scroll of identify {unknown}
 k - 3 scrolls of magic mapping {unknown}
 l - a scroll of recharging {unknown}
 v - 4 scrolls of fog {unknown}
 x - a scroll of amnesia {unknown}
 y - 2 scrolls of enchant weapon {unknown}
 A - a scroll of remove curse {unknown}
 E - a scroll of silence {unknown}
Potions
 d - 3 potions of curing
 e - a potion of heal wounds {unknown}
 h - a potion of haste {unknown}
 m - 2 potions of berserk rage {unknown}
 u - a potion of ambrosia {unknown}
 w - a potion of brilliance {unknown}
 B - a potion of flight {unknown}
 C - a potion of mutation {unknown}
Comestibles
 f - 3 bread rations
 n - 9 fruits
 o - 4 meat rations
 D - 2 royal jellies
 G - 2 chunks of flesh


   Skills:
 - Level 1.7 Fighting
   Level 1.8(3.2) Axes
 - Level 3.9(4.0) Maces & Flails
 - Level 7.1 Crossbows
 - Level 2.1 Dodging
 - Level 1.2 Stealth
 * Level 11.7 Invocations


You had 7 spell levels left.
You didn't know any spells.

Dungeon Overview and Level Annotations

Branches:
Dungeon (6/15)             Temple (0/1) D:4

Altars:
Ashenzari
Fedhas
Kikubaaqudgha
Makhleb
Xom
Yredelemnul


Innate Abilities, Weirdness & Mutations

You are resistant to damage.
You can heal yourself by infusing magical energy.
You passively map a small area around you.
You do not regenerate.


Message History

* * * LOW HITPOINT WARNING * * *
The hound bites you but does no damage. The orc completely misses you.
You take 9 damage, and have 31/66 hp.
Aim: an orc warrior, wielding a halberd and wearing a plate armour (severely wounded)
The glob of acid hits the orc warrior.
The orc warrior appears unharmed.
The orc warrior is splashed with acid.
The acid corrodes the orc warrior!
The acid splashes onto the hound!
The hound is splashed with acid.
The acid corrodes the hound!
The acid splashes onto the orc!
The orc is splashed with acid.
The acid corrodes the orc!
You kill the orc!
The hound barely misses you.
The orc warrior hits you with a halberd!!
* * * LOW HITPOINT WARNING * * *
You take 21 damage, and have 10/66 hp.
MASSIVE DAMAGE!!
You fail to use your ability.
The hound closely misses you. The orc hits you but does no damage.
The hound bites you but does no damage.
The orc warrior hits you with a halberd!!
You die...

#####....###+###.#....#####
#....#.......#....# ,, ,
#....#.......#....# , ,, ,
#....#.......#....# ,
#....'.......#....#, , ,
######....#########....#* *
#.....####..........#### **
#.....#..'......)o..#, , ,
#.....#..#......@h..# ,
#.....#..#.......o..#* *
#....############....... ,
#....# ....... , #....#
*....... #....##### *
....... #........# ...####
#........# , ...# ,
#........# , , ,


You could see an orc warrior, a hound and an orc.

Vault maps used:
D:1:      kennysheep_arrival_forest
D:2:      gammafunk_temple_overflow_arena, chequers_ecumenical_altar_island,
          minivault_14
D:3:      serial_bayou_ford_a, grunt_decor_resistance, ashenzari_altar_1
D:4:      minmay_temple_entry_grid, grunt_decor_cap
D:5:      first_bread, minmay_hedge_maze, kennysheep_generic_room_8,
          uniq_menkaure, uniq_eustachio
D:6:      uniq_pikel

Notes
Turn   | Place    | Note
-------+----------+-------------------------------------------
     0 | D:1      | welfe the Deep Dwarf Hunter began the quest for the Orb.
     0 | D:1      | Reached XP level 1. HP: 19/19 MP: 1/1
    64 | D:1      | Reached XP level 2. HP: 26/26 MP: 2/2
    96 | D:1      | Reached skill level 5 in Crossbows
   659 | D:2      | Identified a +0 ring mail (You found it on level 2 of the Dungeon)
   718 | D:2      | Reached XP level 3. HP: 32/32 MP: 3/3
   773 | D:2      | Found an ancient bone altar of Kikubaaqudgha.
   793 | D:2      | Found a blossoming altar of Fedhas.
   794 | D:2      | Found a shimmering altar of Xom.
   805 | D:2      | Noticed a two-headed ogre
   805 | D:2      | Found a burning altar of Makhleb.
   805 | D:2      | Found a basalt altar of Yredelemnul.
   808 | D:2      | Identified a potion of magic
   809 | D:2      | Identified a potion of invisibility
   816 | D:2      | Became a worshipper of Makhleb the Destroyer
   821 | D:2      | HP: 3/32 [two-headed ogre/giant club (20)]
   938 | D:2      | Found a faded altar of an unknown god.
  1017 | D:2      | Reached skill level 6 in Crossbows
  1034 | D:2      | Identified a +0 pair of gloves (You found it on level 2 of the Dungeon)
  1128 | D:2      | Identified a scarf of spirit shield (You found it on level 2 of the Dungeon)
  1436 | D:2      | Reached XP level 4. HP: 32/39 MP: 0/4
  1534 | D:3      | Identified a scarf of repulsion (You found it on level 3 of the Dungeon)
  1689 | D:3      | Found a shattered altar of Ashenzari.
  1710 | D:3      | Reached * piety under Makhleb
  1919 | D:3      | Identified a +0 chain mail (You found it on level 3 of the Dungeon)
  1989 | D:3      | Reached skill level 7 in Crossbows
  1989 | D:3      | Reached XP level 5. HP: 32/45 MP: 5/5
  2310 | D:3      | Reached skill level 1 in Invocations
  2349 | D:4      | Reached skill level 2 in Invocations
  2384 | D:4      | Reached skill level 3 in Invocations
  2598 | D:4      | Reached skill level 4 in Invocations
  2598 | D:4      | Reached XP level 6. HP: 49/52 MP: 6/8
  2628 | D:4      | Identified 2 potions of curing
  2629 | D:4      | Identified a +0 short sword
  2652 | D:4      | Reached ** piety under Makhleb
  2671 | D:4      | Identified a +1 hand crossbow
  2746 | D:4      | Identified a +0 war axe (You found it on level 4 of the Dungeon)
  2748 | D:4      | Reached skill level 5 in Invocations
  2753 | D:4      | Reached skill level 1 in Axes
  2767 | D:4      | HP: 10/52 [orc priest/divine providence (10)]
  2840 | D:4      | Reached skill level 6 in Invocations
  2840 | D:4      | Reached XP level 7. HP: 51/58 MP: 9/9
  2889 | D:4      | Found a staircase to the Ecumenical Temple.
  2933 | D:4      | Reached skill level 7 in Invocations
  3003 | D:4      | Got a polished flail
  3036 | D:4      | Identified the +4 flail "Wanwam" {crush, rC+ Str+5 Dex-3 Stlth+} (You found it on level 4 of the Dungeon)
  3229 | D:5      | Entered Level 5 of the Dungeon
  3365 | D:5      | Noticed Eustachio
  3438 | D:5      | Killed Eustachio
  3438 | D:5      | Reached skill level 1 in Maces & Flails
  3438 | D:5      | Reached skill level 8 in Invocations
  3445 | D:5      | Reached skill level 2 in Maces & Flails
  3660 | D:5      | HP: 14/58 [iguana (8)]
  3664 | D:5      | Reached XP level 8. HP: 53/66 MP: 12/12
  3670 | D:5      | Reached skill level 3 in Maces & Flails
  3737 | D:5      | Reached skill level 9 in Invocations
  3818 | D:5      | Reached *** piety under Makhleb
  4146 | D:5      | Identified a +1 pair of gloves (You found it on level 5 of the Dungeon)
  4227 | D:5      | Identified an amulet of harm (You found it on level 5 of the Dungeon)
  4452 | D:5      | Noticed Menkaure
  4456 | D:5      | Killed Menkaure
  4456 | D:5      | Reached skill level 10 in Invocations
  4583 | D:6      | Reached skill level 11 in Invocations
  4861 | D:6      | HP: 10/66 [orc warrior/halberd (20)]
  4862 | D:6      | Identified a +0 halberd
  4862 | D:6      | Demolished by an orc warrior

Table legend:
 A = Turns spent in this place as a percentage of turns spent in the entire game.
 B = Non-inter-level travel turns spent in this place as a percentage of non-inter-level travel turns spent in the entire game.
 C = Inter-level travel turns spent in this place as a percentage of turns spent in this place.
 D = Turns resting spent in this place as a percentage of non-inter-level travel turns spent in this place.
 E = Turns spent auto-exploring this place as a percentage of non-inter-level travel turns spent in this place.
 F = Non-inter-level travel turns spent in this place divided by the number of levels of this place that you've seen.
                   A       B       C       D       E      F
               +-------+-------+-------+-------+-------+----------------------
         Total | 100.0 | 100.0 |   0.5 |   0.4 |   9.8 | 239.8
       Dungeon | 100.0 | 100.0 |   0.5 |   0.4 |   9.8 | 239.8
               +-------+-------+-------+-------+-------+----------------------

Table legend:
 A = Kills in this place as a percentage of kills in entire the game.
 B = Kills by you in this place as a percentage of kills by you in the entire game.
 C = Kills by friends in this place as a percentage of kills by friends in the entire game.
 D = Other kills in this place as a percentage of other kills in the entire game.
 E = Experience gained in this place as a percentage of experience gained in the entire game.
 F = Experience gained in this place divided by the number of levels of this place that you have seen.
                   A       B       C       D       E      F
               +-------+-------+-------+-------+-------+----------------------
         Total | 100.0 | 100.0 |  -nan |  -nan | 100.0 | 435.2
       Dungeon | 100.0 | 100.0 |  -nan |  -nan | 100.0 | 435.2
               +-------+-------+-------+-------+-------+----------------------

Skill      XL: |  1  2  3  4  5  6  7  8 |
---------------+-------------------------+-----
Crossbows      | 5 6 7 |  7.1
Invocations    | 4 6 8 11 | 11.7
Axes           | 1 |  1.8
Maces & Flails | 2 3 |  3.9
Fighting       | |  1.7
Dodging        | |  2.1
Stealth        | |  1.2

Action                   |  1- 3 |  4- 6 |  7- 9 || total
-------------------------+-------+-------+-------++-------
Melee: War axe           |       |    37 |       ||    37
       Short sword       |       |    24 |       ||    24
       Flail             |       |       |   165 ||   165
 Fire: Hand crossbow     |    95 |   133 |    36 ||   264
Throw: Stone             |       |    31 |       ||    31
       Tomahawk          |       |     2 |       ||     2
Invok: Minor Destruction |       |     3 |    37 ||    40
 Abil: Heal Wounds       |     1 |     7 |     5 ||    13
  Use: Potion            |     2 |     1 |       ||     3
  Eat: Chunk             |     1 |     5 |     7 ||    13
Armor: Leather armour    |     4 |       |       ||     4
       Ring mail         |     3 |     4 |       ||     7
       Chain mail        |       |    95 |   116 ||   211
Dodge: Dodged            |    23 |    57 |    81 ||   161
       Deflected         |       |     5 |       ||     5

Vanquished Creatures
  Eustachio (D:5)
  Menkaure (D:5)
  3 phantoms
  An ice beast (D:5)
  2 sky beasts
  3 scorpions
  A howler monkey (D:5)
  A centaur zombie (D:6)
  A bullfrog zombie (D:5)
  A crimson imp (D:6)
  2 hounds (D:5)
  3 orc priests
  2 iguanas
  A jelly (D:5)
  A centaur skeleton (D:4)
  5 orc wizards (D:4)
  4 worker ants
  A hound zombie (D:5)
  4 gnolls (D:3)
  9 adders
  An ooze (D:5)
  An adder zombie (D:5)
  An adder skeleton (D:4)
  2 worms
  3 leopard geckos
  20 orcs
  A bat (D:2)
  5 giant cockroaches
  3 goblins
  9 hobgoblins
  18 jackals
  12 kobolds
  4 quokkas
  A ball python (D:4)
  8 frilled lizards
  A jackal zombie (D:5)
  9 rats
146 creatures vanquished.
